 Dungeon Crawl Stone Soup version 0.30-a0-1093-gcfb1e0cf12 (webtiles) character file.

Game seed: 8718722453886025227

13728 Anamonty the Tainter (level 12, -9/79 HPs)
             Began as an Octopode Venom Mage on Apr 17, 2023.
             Was a High Priest of Qazlal.
             Mangled by a troll (11 damage)
             ... on level 10 of the Dungeon.
             The game lasted 00:25:14 (13178 turns).

Anamonty the Tainter (Octopode Venom Mage)         Turns: 13178, Time: 00:25:15

Health: -9/79      AC:  1    Str: 12    XL:     12   Next: 9%
Magic:  10/31      EV: 16    Int: 18    God:    Qazlal [*****.]
Gold:   644        SH:  7    Dex: 12    Spells: 14/25 levels left

rFire   . . .      SeeInvis .    r - +5 whip (drain)
rCold   . . .      Faith    .    (no shield)
rNeg    + . .      Spirit   .    (helmet restricted)
rPois   .          Reflect  .    L - amulet of magic regeneration
rElec   .          Rampage  .    k - ring of positive energy
rCorr   .                        o - ring of magical power
Will    +....                    K - ring of willpower
Stlth   +                        (no ring)
HPRegen 0.33/turn                (no ring)
MPRegen 0.62/turn                (no ring)
                                 (no ring)
                                 (no ring)

@: repel missiles
A: almost no armour, amphibious, 8 rings, camouflage 1, gelatinous body 1,
(nimble swimmer 1), tentacles
a: Renounce Religion, Upheaval, Elemental Force, Disaster Area


You were on level 10 of the Dungeon.
You worshipped Qazlal.
Qazlal was extremely pleased with you.
You visited 1 branch of the dungeon, and saw 10 of its levels.
You also visited: Sewer.

You collected 644 gold pieces.

Inventory:

Hand Weapons
 r - a +5 whip of draining (weapon)
Missiles
 E - 2 throwing nets
Jewellery
 b - an amulet of guardian spirit
 k - a ring of positive energy (left tentacle)
 o - a ring of magical power (right tentacle)
 F - a ring of fire
 K - a ring of willpower (on tentacle)
 L - an amulet of magic regeneration (around mantle)
 M - an amulet of the acrobat
Wands
 g - a wand of flame (10)
 B - a wand of roots (14) (quivered)
 G - a wand of digging (8)
 H - a wand of light (13)
 J - a wand of charming (12)
 P - a wand of polymorph (20)
Scrolls
 c - 3 scrolls of silence
 e - 2 scrolls of fear
 h - 6 scrolls of magic mapping
 j - 3 scrolls of immolation
 l - 5 scrolls of vulnerability
 q - 4 scrolls of teleportation
 s - 4 scrolls of amnesia
 u - 3 scrolls of noise
 y - 3 scrolls of blinking
 A - a scroll of enchant armour {unknown}
 D - a scroll of poison {unknown}
 I - a scroll of brand weapon {unknown}
 O - a scroll of fog {unknown}
Potions
 a - 4 potions of magic
 d - 5 potions of mutation
 f - 2 potions of invisibility
 i - 5 potions of curing {unknown}
 m - 2 potions of brilliance {unknown}
 n - a potion of attraction {unknown}
 p - a potion of berserk rage {unknown}
 t - 3 potions of flight
 v - a potion of might {unknown}
 x - 2 potions of haste {unknown}
 z - a potion of resistance {unknown}
 C - 4 potions of ambrosia {unknown}
 N - 2 potions of cancellation {unknown}


   Skills:
 + Level 6.3 Fighting
 + Level 8.0 Dodging
 - Level 2.6 Stealth
 + Level 6.2 Unarmed Combat
 + Level 7.3 Spellcasting
 + Level 6.5 Transmutations
 - Level 10.0 Poison Magic
 + Level 6.9 Invocations
 + Level 5.6 Evocations


You had 14 spell levels left.
You knew the following spells:

 Your Spells              Type           Power      Damage    Failure   Level
a - Sting                 Tmut/Pois      100%       1d8       1%          1
b - Olgreb's Toxic Radia  Pois           42%        N/A       1%          4
c - Ignite Poison         Fire/Tmut/Pois 26%        N/A       3%          3
d - Mephitic Cloud        Conj/Pois/Air  18%        N/A       8%          3

Your spell library contained the following spells:

 Spells                   Type           Power      Damage    Failure   Level
 Poisonous Vapours        Pois/Air       48%        N/A       1%          2
 Cigotuvi's Dreadful Rot  Necr/Pois/Air  36%        N/A       4%          2
 Passwall                 Tmut/Erth      15%        N/A       4%          2
 Sandblast                Erth           12%        2d6       11%         1
 Blink                    Tloc           12%        N/A       16%         2
 Lesser Beckoning         Tloc           12%        N/A       16%         2
 Momentum Strike          Conj/Tloc      12%        3d8       16%         2
 Stone Arrow              Conj/Erth      12%        3d7       32%         3
 Freezing Cloud           Conj/Ice/Air   3%         6-21      96%         5
 Dragon Form              Tmut           15%        N/A       99%         7
 Malign Gateway           Summ/Tloc      3%         N/A       100%        7


Dungeon Overview and Level Annotations

Branches:
Dungeon (10/15)            Temple (0/1) D:4            Lair (0/5) D:10
    Orc (0/2) D:10          Sewer (visited)

Altars:
Cheibriados
Qazlal
Wu Jian


Innate Abilities, Weirdness & Mutations

You cannot wear most types of armour.
You are amphibious.
You can wear up to eight rings at the same time.
Your skin changes colour to match your surroundings (Stealth+).
Your rubbery body absorbs attacks. (AC +1, EV +1)
((You are camouflaged when in or above water. (Stealth+)))
You have tentacles for arms and can constrict up to eight enemies at once.


Message History

An ogre, a troll and an orc come into view.
The orc is wielding a +0 heavy falchion.
The gnoll is poisoned.
The ogre is poisoned.
The troll is poisoned.
The orc is poisoned.
The orc warrior looks even sicker.
The orc is poisoned.
You kill the orc warrior!
Qazlal accepts your kill. You block the gnoll's attack.
The troll is engulfed in freezing vapours.
The troll bites you! The troll barely misses you. You block the troll's attack.
Your Dodging skill increases to level 8!
There is an open door here.
The troll attacks as you move away! The troll misses you.
The troll barely misses you. You block the troll's attack.
The gnoll looks even sicker.
Your toxic aura wanes.
The gnoll hits you from afar with a +0 halberd!
Items here: )) [[[ †.
Casting: Ignite Poison (dangerous; 3% risk of failure)
Confirm with . or Enter, or press ? or * to list all spells.
Aiming: Mephitic Cloud (dangerous; 8% risk of failure)
Press: ? - help, Shift-Dir - straight line, f - troll
Aim: a troll (heavily wounded, poisoned, chance to affect: 67%)
The ball explodes into a vile cloud!
The stinking cloud engulfs the troll but does no damage.
The troll is heavily wounded.
The stinking cloud engulfs the orc but does no damage.
The orc is heavily wounded.
The stinking cloud engulfs the gnoll but does no damage.
The gnoll is heavily wounded.
The stinking cloud engulfs you but does no damage.
The gnoll is engulfed in noxious fumes.
The gnoll appears confused.
The gnoll barely misses the ogre.
The troll is engulfed in noxious fumes.
The troll bites you!!
* * * LOW HITPOINT WARNING * * *
The troll barely misses you. The troll claws you!
* * * LOW HITPOINT WARNING * * *
The orc is engulfed in noxious fumes.
The orc appears confused.
The orc closely misses the troll.
The troll attacks as you move away! The troll bites you!
You die...

#....#
###..####.
#####....#
#.......#
#........#
#....##..
#......#.#
.PP..####
#......#.# .
..# #......#..
#######.#.##..
#8...8#)#.#
###
#...o.#@#.#
#..>OgT)#.#
#...)o#☼#
#8..)8#.#
#######.# #..
###


You could see a troll (poisoned), an ogre (poisoned), a gnoll (confused, very
poisoned) and an orc (confused, poisoned).

Vanquished Creatures
  A catoblepas (D:8)
  A two-headed ogre (D:10)
  3 centaur zombies (D:10)
  A gargoyle (D:10)
  An unseen horror zombie (D:10)
  Grinder (D:4)
  A troll (D:9)
  A hornet (shapeshifter) (D:10)
  Prince Ribbit (D:5)
  3 wraiths
  Sigmund (D:3)
  3 shadows (D:10)
  3 vampires (D:10)
  2 wyverns
  8 yaks
  Eustachio (D:6)
  A steam dragon (D:8)
  2 wargs (D:9)
  Menkaure (D:4)
  Edmund (D:4)
  A vampire mosquito (D:9)
  2 acid dragons (D:10)
  A water moccasin (D:9)
  2 black bears (D:5)
  4 ice beasts
  10 orc warriors
  2 sky beasts
  3 ogres
  4 centaurs
  3 phantoms
  8 kobold brigands
  Blork the orc (D:6)
  A scorpion (D:5)
  3 bullfrogs
  5 gnoll sergeants (D:10)
  7 wights
  12 killer bees
  4 electric eels (D:9)
  4 howler monkeys (D:9)
  4 hounds
  3 jellies
  Crazy Yiuf (D:6)
  6 orc priests
  2 gnoll boudas (D:7)
  A sleepcap (D:6)
  4 iguanas
  12 orc wizards
  Robin (D:3)
  25 gnolls
  9 adders
  2 river rats
  2 shadow imps
  A howler monkey simulacrum (D:10)
  3 ufetubi
  4 worms
  4 dart slugs
  35 orcs
  9 ball pythons
  7 bats
  15 endoplasms
  2 giant cockroaches
  23 goblins
  12 hobgoblins
  7 jackals
  7 quokkas
  3 frilled lizards
  29 kobolds
  9 rats
356 creatures vanquished.

Vanquished Creatures (others)
  A withered plant (D:10)
1 creature vanquished.

Grand Total: 357 creatures vanquished

Notes
Turn   | Place    | Note
-------+----------+-------------------------------------------
     0 | D:1      | Anamonty the Octopode Venom Mage began the quest for the
                  | Orb.
     0 | D:1      | Reached XP level 1. HP: 11/11 MP: 3/3
    85 | D:1      | Reached XP level 2. HP: 17/17 MP: 0/5
    87 | D:1      | Reached skill level 4 in Poison Magic
   452 | D:1      | Reached XP level 3. HP: 16/21 MP: 4/6
  1192 | D:2      | Reached XP level 4. HP: 16/27 MP: 5/7
  1273 | D:2      | Learned a level 4 spell: Olgreb's Toxic Radiance
  1674 | D:2      | Learned a level 3 spell: Ignite Poison
  1678 | D:2      | Reached skill level 5 in Poison Magic
  2015 | D:2      | Reached XP level 5. HP: 12/31 MP: 9/9
  2108 | D:2      | Found a stormy altar of Qazlal.
  2118 | D:2      | Became a worshipper of Qazlal Stormbringer
  2270 | D:3      | Found a faded altar of an unknown god.
  2300 | D:3      | Found a glowing drain.
  2329 | Sewer    | Entered a sewer
  2525 | Sewer    | Noticed a kobold brigand
  2609 | Sewer    | Killed a kobold brigand
  2610 | Sewer    | Reached skill level 6 in Poison Magic
  2610 | Sewer    | Reached XP level 6. HP: 15/36 MP: 10/10
  2726 | Sewer    | Reached * piety under Qazlal
  2871 | D:3      | Learned a level 3 spell: Mephitic Cloud
  2988 | D:3      | Noticed Sigmund
  3021 | D:3      | Killed Sigmund
  3022 | D:3      | Reached skill level 7 in Poison Magic
  3022 | D:3      | Reached XP level 7. HP: 23/41 MP: 12/12
  3297 | D:3      | Got the Omnibus of the Traveller and the Shapeshifter
  3664 | D:3      | Noticed Robin
  3673 | D:3      | Killed Robin
  3842 | D:4      | Reached ** piety under Qazlal
  4046 | D:4      | Found a staircase to the Ecumenical Temple.
  4063 | D:4      | Noticed Menkaure
  4074 | D:4      | Killed Menkaure
  4275 | D:4      | Noticed Grinder
  4300 | D:4      | Killed Grinder
  4301 | D:4      | Reached skill level 1 in Fighting
  4301 | D:4      | Reached skill level 1 in Unarmed Combat
  4301 | D:4      | Reached skill level 8 in Poison Magic
  4301 | D:4      | Reached skill level 1 in Invocations
  4301 | D:4      | Reached XP level 8. HP: 45/48 MP: 13/14
  4373 | D:4      | Noticed Edmund
  4379 | D:4      | Killed Edmund
  4948 | D:5      | Entered Level 5 of the Dungeon
  4949 | D:5      | Noticed Prince Ribbit
  4954 | D:5      | Killed Prince Ribbit
  4955 | D:5      | Reached skill level 5 in Dodging
  5189 | D:5      | Reached skill level 9 in Poison Magic
  5189 | D:5      | Reached XP level 9. HP: 45/55 MP: 16/16
  5311 | D:5      | Reached *** piety under Qazlal
  5414 | D:5      | Reached skill level 5 in Spellcasting
  6814 | D:6      | Noticed Blork the orc
  6814 | D:6      | Noticed Eustachio
  6832 | D:6      | Killed Blork the orc
  6918 | D:6      | Killed Eustachio
  6919 | D:6      | Reached skill level 10 in Poison Magic
  7495 | D:6      | Found a runed translucent door.
  7496 | D:6      | Noticed Crazy Yiuf
  7503 | D:6      | Killed Crazy Yiuf
  7611 | D:7      | Reached skill level 1 in Evocations
  7611 | D:7      | Reached XP level 10. HP: 63/63 MP: 16/18
  7684 | D:7      | Reached **** piety under Qazlal
  8139 | D:7      | Found an ornate altar of the Wu Jian Council.
  8139 | D:7      | Found a snail-covered altar of Cheibriados.
  8762 | D:8      | Noticed a catoblepas
  8773 | D:8      | Killed a catoblepas
  9527 | D:8      | Reached skill level 5 in Invocations
  9881 | D:9      | Reached skill level 5 in Transmutations
 10641 | D:9      | Reached XP level 11. HP: 70/70 MP: 20/20
 10645 | D:9      | Reached skill level 5 in Fighting
 10645 | D:9      | Reached skill level 5 in Unarmed Combat
 10836 | D:9      | Reached ***** piety under Qazlal
 11168 | D:10     | Entered Level 10 of the Dungeon
 11168 | D:10     | Found a staircase to the Lair.
 12438 | D:10     | Noticed a two-headed ogre
 12442 | D:10     | Killed a two-headed ogre
 12449 | D:10     | Reached skill level 5 in Evocations
 13053 | D:10     | Reached XP level 12. HP: 79/79 MP: 22/22
 13172 | D:10     | Found a staircase to the Orcish Mines.
 13177 | D:10     | HP: 2/79 [troll (11)]
 13178 | D:10     | Mangled by a troll

Illustrated notes

Levels and vault maps discovered:
D:1:      dpeg_arrival_brainrot, layout_rooms
D:2:      minmay_chambers_of_twos, layout_basic, basic_altar,
          grunt_ministairs_4, chequers_hall_statues_wall_a, minmay_3d_cube
D:3:      kennysheep_goblin_castle, layout_loops_ring, portal_sewer_entry_c,
          hellmonk_ecumenical_altar_blasted, uniq_sigmund
D:4:      layout_basic, minmay_temple_entry_statues_fountains, uniq_menkaure,
          uniq_edmund, uniq_grinder
D:5:      layout_layer_cave, uniq_prince_ribbit1
D:6:      layout_basic, uniq_blork_the_orc, uniq_crazy_yiuf_cottage,
          uniq_eustachio
D:7:      layout_loops_corners, gammafunk_temple_overflow_elements,
          moated_statue
D:8:      layout_cave_pools
D:9:      layout_basic
D:10:     minmay_ornate_pinched, layout_basic, erik_lair_orcish_takeover,
          kennysheep_orc_monster_closet_entryway, serial_undead,
          serial_undead_a, serial_undead_e, serial_undead_c, serial_undead_b,
          enter_trove_3

Skill      XL: |  1  2  3  4  5  6  7  8  9 10 11 12 |
---------------+-------------------------------------+-----
Poison Magic   | 4 5 6 7 8 9 10 | 10.0
Dodging        | 3 4 5 6 7 8 |  8.0
Spellcasting   | 3 4 5 6 7 |  7.3
Fighting       | 1 2 3 4 6 |  6.3
Unarmed Combat | 1 2 3 4 6 |  6.2
Invocations    | 1 2 4 5 6 |  6.9
Transmutations | 2 3 5 6 |  6.5
Evocations     | 1 3 5 |  5.6
Stealth        | |  2.6

Action                     |  1- 3 |  4- 6 |  7- 9 | 10-12 || total
---------------------------+-------+-------+-------+-------++-------
  Melee: Unarmed           |    55 |    21 |       |       ||    76
         Constrict         |    15 |    19 |    30 |    24 ||    88
         Tentacles         |    13 |    18 |    20 |    30 ||    81
         Whip              |       |    73 |   107 |   127 ||   307
         Punch             |       |     1 |     1 |    13 ||    15
   Cast: Sting             |    40 |    24 |     2 |       ||    66
         Olgreb's Toxic Ra |       |     8 |    26 |    41 ||    75
         Ignite Poison     |       |     1 |    23 |    67 ||    91
         Mephitic Cloud    |       |     1 |    20 |    45 ||    66
  Evoke: Wand              |       |       |     4 |       ||     4
    Use: Potion            |       |       |     1 |     1 ||     2
         Scroll            |       |       |       |    13 ||    13
   Stab: Sleeping          |       |    12 |       |       ||    12
         Confused          |       |     2 |       |     1 ||     3
 Armour: Skin              |     6 |     1 |    10 |    15 ||    32
  Dodge: Dodged            |    53 |    62 |    95 |   142 ||   352
         Repelled          |       |       |       |     4 ||     4
  Block: Other             |       |       |    12 |    56 ||    68

Table legend: (Time is in decaauts)
 A = Elapsed time spent in this place.
 B = Non-inter-level travel time spent in this place.
 C = Inter-level travel time spent in this place.
 D = Time resting spent in this place.
 E = Time spent auto-exploring this place.
 F = Levels seen in this place.
 G = Mean time per level.
                   A        B        C        D        E       F      G
               +--------+--------+--------+--------+--------+-----+--------+
         Total |  13242 |  12761 |    481 |      0 |  10628 |  11 | 1203.8 |
       Dungeon |  12702 |  12221 |    481 |      0 |  10256 |  10 | 1270.2 |
         Sewer |    540 |    540 |      0 |      0 |    372 |   1 |  540.0 |
               +--------+--------+--------+--------+--------+-----+--------+

Top non-repeatable levels by time:
     D:9: 2136 daAuts
     D:5: 1682 daAuts
     D:7: 1558 daAuts
     D:2: 1234 daAuts
     D:4: 1178 daAuts
    D:10: 1055 daAuts
     D:3: 1052 daAuts
     D:6: 973 daAuts
     D:1: 959 daAuts
     D:8: 872 daAuts
   Sewer: 540 daAuts
